 Dungeon Crawl Stone Soup version 0.13-a0-2923-g04ac8d1 (webtiles) character file.

73 PolkaDot the Vexing (level 2, -1/19 HPs)
             Began as a Vampire Enchanter on Sept 2, 2013.
             Slain by a goblin
             ... wielding a +2,+2 dagger
              (7 damage)
             ... on Level 1 of the Dungeon.
             The game lasted 00:04:53 (689 turns).

PolkaDot the Vexing (Vampire Enchanter)              Turns: 689, Time: 00:04:53

HP  -1/19        AC  3     Str  7      XL: 2   Next: 96%
MP   4/5         EV 12     Int 17      God:
Gold 45          SH  0     Dex 14      Spells:  1 memorised,  2 levels left

Res.Fire  : . . .   See Invis. : +   a - +1 dagger {=f}
Res.Cold  : . . .   Warding    : .   b - +1 robe
Life Prot.: . . .   Conserve   : .   (no shield)
Res.Poison: .       Res.Corr.  : .   (no helmet)
Res.Elec. : .       Clarity    : .   (no cloak)
Sust.Abil.: . .     Spirit.Shd : .   (no gloves)
Res.Mut.  : .       Stasis     : .   (no boots)
Res.Rott. : .       Flight     : .   (no amulet)
Saprovore : . . .                    (no ring)
                                     (no ring)

@: regenerating quickly, not resistant to hostile enchantments, stealthy
A: fangs 3, see invisible, unbreathing
a: no special abilities


You were on level 1 of the Dungeon.
You were full.

You visited 1 branch of the dungeon, and saw 1 of its levels.

You collected 25 gold pieces.

Inventory:

Hand weapons
 a - a +1,+1 dagger (weapon) {=f}
 k - a +2,+0 dagger of returning
Missiles
 d - 9 darts (quivered)
Armour
 b - a +1 robe (worn)
Scrolls
 f - a scroll of teleportation {unknown}
 g - 2 scrolls of remove curse {unknown}
 i - a scroll of identify {unknown}
Potions
 e - a potion of blood
 h - a potion of paralysis {unknown}
 j - a potion of speed {unknown}
Books
 c - a book of Maledictions

   Spells                             Type                      Level
   *Corona                            Hexes                        1
   Sure Blade                         Hexes/Charms                 2
   Ensorcelled Hibernation            Hexes/Ice                    2
   Confuse                            Hexes                        3
   Enslavement                        Hexes                        4
   Invisibility                       Hexes                        6


   Skills:
 - Level 2.1 Short Blades
 - Level 0.7 Throwing
 - Level 2.1 Dodging
 * Level 4.1 Stealth
 - Level 1.0 Spellcasting
 + Level 4.8 Hexes


You had 2 spell levels left.
You knew the following spells:

 Your Spells              Type           Power        Failure   Level  Hunger
a - Corona                Hex            ###....      2%          1    ##.....


Dungeon Overview and Level Annotations

Branches:
Dungeon (1/27)

Altars:


Innate Abilities, Weirdness & Mutations

Your natural rate of healing is unusually fast.
You have razor-sharp teeth.
You have supernaturally acute eyesight.
You can survive without breathing.


Message History

The goblin is outlined in light.
The goblin unwields an uncursed dagger.
The goblin wields a sling.
The goblin shoots a stone.
The stone hits you!
The goblin shoots a stone.
The stone hits you!
You see here a stone.
The goblin shoots a stone.
The stone hits you!
You see here a stone.
The goblin shoots a stone.
The stone hits you!
You see here a stone.
The goblin shoots a stone.
The stone hits you!
You see here a stone.
The goblin stops glowing.
The goblin shoots a stone.
The stone misses you.
The goblin shoots a stone.
The stone hits you!
* * * LOW HITPOINT WARNING * * *
You see here a stone.
You are too injured to fight recklessly!
Drink which item? (? for menu, Esc to quit)
Okay, then.
The goblin unwields an uncursed sling.
The goblin wields an uncursed dagger.
The goblin hits you with an uncursed dagger!
You die...

#...# #...##########
.............####################
.......#####.........(...........
.......# ######################
.).....# ####...# #####
####...######...#################
...............g@(.((((()....[...
######...........................
##...#...####....###########
#...##### #...## ######...# #...#
###...##...##### #####
...............#####
###...#...####.....#
......#...####.....####


You could see a goblin.

Vanquished Creatures
  A giant mite (D:1)
  A giant gecko (D:1)
  2 bats (D:1)
  4 goblins (D:1)
  2 hobgoblins (D:1)
  4 kobolds (D:1)
  5 rats (D:1)
19 creatures vanquished.

Notes
Turn   | Place    | Note
--------------------------------------------------------------
     0 | D:1      | PolkaDot, the Vampire Enchanter, began the quest for the Orb.
     0 | D:1      | Reached XP level 1. HP: 13/13 MP: 4/4
   217 | D:1      | Reached XP level 2. HP: 19/19 MP: 3/5
   689 | D:1      | Slain by a goblin

Action                   || total
-------------------------++-------
Melee: Dagger            ||    51
Throw: Dart              ||    26
 Cast: Corona            ||    18
